 Dungeon Crawl Stone Soup version 0.29.1-15-g9cfb28693d (webtiles) character file.

Game seed: 13077178978130056040

1696 BuddhaDhamma the Cleaver (level 8, -2/96 HPs)
             Began as a Minotaur Berserker on Mar 7, 2023.
             Was a Priest of Trog.
             Slain by Maggie
             ... wielding a +1 vorpal morningstar
              (10 damage)
             ... on level 7 of the Dungeon on Mar 8, 2023.
             The game lasted 00:09:57 (6578 turns).

BuddhaDhamma the Cleaver (Minotaur Berserker)       Turns: 6578, Time: 00:09:58

Health: -2/96      AC:  2    Str: 30    XL:     8   Next: 72%
Magic:  7/7        EV: 11    Int:  4    God:    Trog [***...]
Gold:   276        SH:  0    Dex: 10    Spells: 7/7 levels left

rFire   . . .      SeeInvis +   a - +1 hand axe (flame)
rCold   . . .      Faith    .   (no shield)
rNeg    . . .      Spirit   .   d - +0 ring mail
rPois   .          Reflect  .   (helmet restricted)
rElec   .          Harm     .   (no cloak)
rCorr   .          Rampage  .   (no gloves)
Will    ++...                   u - +0 pair of boots
Stlth   ..........              (no amulet)
HPRegen 1.26/turn               j - +6 ring of strength
MPRegen 0.10/turn               r - ring of see invisible

@: berserking, strong-willed, corroded, regenerating, very quick
A: horns 2, retaliatory headbutt
a: Renounce Religion, Berserk, Trog's Hand


You were on level 7 of the Dungeon.
You worshipped Trog.
Trog was most pleased with you.
You visited 1 branch of the dungeon, and saw 7 of its levels.

You collected 276 gold pieces.

Inventory:

Hand Weapons
 a - a +1 hand axe of flaming (weapon)
Missiles
 m - 6 poisoned darts (quivered)
 o - a throwing net
Armour
 d - a +0 ring mail (worn)
 u - a +0 pair of boots (worn)
Jewellery
 h - a ring of protection from fire
 j - a +6 ring of strength (left hand)
 p - a +4 ring of protection
 r - a ring of see invisible (right hand)
Wands
 c - a wand of flame (14)
 k - a wand of polymorph (16)
Scrolls
 f - 3 scrolls of poison
 i - 5 scrolls of fear
 l - a scroll of identify
Potions
 b - a potion of cancellation
 e - 2 potions of degeneration
 g - a potion of lignification
 n - a potion of haste
 s - 2 potions of magic
 t - a potion of berserk rage


   Skills:
 - Level 3.6 Fighting
 + Level 13.6 Axes
 - Level 2.4 Armour
 - Level 2.1 Dodging


You had 7 spell levels left.
You didn't know any spells.
Your spell library was empty.

Dungeon Overview and Level Annotations

Branches:
Dungeon (7/15)             Temple (0/1) D:4

Altars:
Okawaru
Vehumet
Wu Jian
Xom
Zin

Annotations:
D:7 Maggie


Innate Abilities, Weirdness & Mutations

You have a pair of horns on your head.
You reflexively headbutt those who attack you in melee.


Message History

Maggie casts a spell.
Maggie attempts to bespell you!
You are mesmerised by Maggie!
Maggie gestures at you while chanting. The bolt of fire misses you.
You are too mesmerised to rage.
Maggie misses you. You furiously retaliate!
You headbutt Maggie! You barely miss Maggie.
Maggie is lightly wounded.
You hit Maggie. You burn Maggie. You headbutt Maggie!
Maggie is moderately wounded.
Maggie hits you with a +1 vorpal morningstar.
You hit Maggie. You burn Maggie.
Maggie is heavily wounded.
Maggie hits you with a +1 vorpal morningstar!
You closely miss Maggie.
Maggie is heavily wounded.
You are too mesmerised to rage.
You fail to use your ability.
Maggie zaps a wand.
The bolt of acid hits you. The acid corrodes you!
You fail to use your ability.
Maggie completely misses you.
Your skin crawls.
You feel strong-willed.
You can no longer call in reinforcements.
Maggie closely misses you.
You feel better.
Maggie hits you with a +1 vorpal morningstar!
You feel better.
You break out of your daze.
Maggie gives herself a magical halo, but it quickly sputters out.
Maggie hits you with a +1 vorpal morningstar!
You hit Maggie but do no damage.
Maggie is heavily wounded.
Maggie casts a spell at you. The bolt of fire hits you!
* * * LOW HITPOINT WARNING * * *
A red film seems to cover your vision as you go berserk!
You feel yourself moving faster!
You feel mighty!
Maggie hits you with a +1 vorpal morningstar!
You die...

#..##.#†#.<.###...#
#..##:#.##.## ###.#
#..##.#.##.# #.#
########..##.#.##.#
#.#
..................#
#.#
#########.#..#.#####
#.# #..............
... #.....#.........
.....####.@@..###
>.... #..#.## ....
#..# # ... #†.# ...
#..# ...# ....
###... ##.


You could see Maggie.

Vanquished Creatures
  A black bear (D:5)
  An orc warrior (D:7)
  An ogre (D:4)
  2 centaurs
  A kobold brigand (D:5)
  A bullfrog (D:7)
  A necrophage (D:6)
  3 scorpions
  3 wights (D:6)
  A howler monkey (D:5)
  5 hounds
  A jelly (D:7)
  Jessica (D:2)
  Natasha (thrice) (D:3)
  4 orc wizards (D:6)
  12 gnolls
  6 adders
  2 white imps
  2 ufetubi (D:5)
  A worm (D:2)
  6 dart slugs
  11 orcs
  8 ball pythons
  8 bats
  6 endoplasms
  5 giant cockroaches
  7 goblins
  9 hobgoblins
  7 jackals
  5 quokkas
  2 frilled lizards (D:3)
  12 kobolds
  2 rats
140 creatures vanquished.

Vanquished Creatures (others)
  2 demonic plants (D:2)
2 creatures vanquished.

Grand Total: 142 creatures vanquished

Notes
Turn   | Place    | Note
-------+----------+-------------------------------------------
     0 | D:1      | BuddhaDhamma the Minotaur Berserker began the quest for the
                  | Orb.
     0 | D:1      | Reached XP level 1. HP: 19/19 MP: 0/0
   181 | D:1      | Reached skill level 4 in Axes
   189 | D:1      | Reached XP level 2. HP: 11/26 MP: 1/1
   715 | D:1      | Reached skill level 5 in Axes
   949 | D:1      | Reached XP level 3. HP: 26/31 MP: 2/2
  1236 | D:2      | Reached ** piety under Trog
  1517 | D:2      | Noticed Jessica
  1528 | D:2      | Killed Jessica
  1529 | D:2      | Reached skill level 6 in Axes
  1529 | D:2      | Reached XP level 4. HP: 28/39 MP: 3/3
  2089 | D:2      | Found a faded altar of an unknown god.
  2433 | D:3      | Noticed Natasha
  2441 | D:3      | Killed Natasha
  2442 | D:3      | Reached skill level 7 in Axes
  2442 | D:3      | Reached XP level 5. HP: 45/45 MP: 4/4
  2450 | D:3      | Noticed Natasha
  2458 | D:3      | Killed Natasha
  2656 | D:3      | Found a stormy altar of Qazlal.
  2658 | D:3      | Found a shimmering altar of Xom.
  2658 | D:3      | Found an ornate altar of the Wu Jian Council.
  2660 | D:3      | Found an iron altar of Okawaru.
  2660 | D:3      | Found a glowing silver altar of Zin.
  2660 | D:3      | Found a radiant altar of Vehumet.
  2942 | D:3      | Noticed Natasha
  2949 | D:3      | Killed Natasha
  2949 | D:3      | Reached *** piety under Trog
  2950 | D:3      | Reached skill level 8 in Axes
  3009 | D:3      | Found an iron altar of Okawaru.
  3253 | D:4      | Reached XP level 6. HP: 49/51 MP: 5/5
  3327 | D:4      | Found a staircase to the Ecumenical Temple.
  3434 | D:4      | Reached skill level 9 in Axes
  3808 | D:5      | Entered Level 5 of the Dungeon
  3851 | D:5      | Reached XP level 7. HP: 34/57 MP: 6/6
  4039 | D:5      | Reached skill level 10 in Axes
  4792 | D:6      | Reached skill level 11 in Axes
  5254 | D:6      | Reached XP level 8. HP: 13/64 MP: 7/7
  5649 | D:6      | Found a radiant altar of Vehumet.
  5656 | D:6      | Reached skill level 12 in Axes
  6181 | D:6      | Reached **** piety under Trog
  6363 | D:7      | Reached skill level 13 in Axes
  6564 | D:7      | Noticed Maggie
  6578 | D:7      | Slain by Maggie

Illustrated notes

Levels and vault maps discovered:
D:1:      shiori_arrival_maze, layout_loops_ring
D:2:      layout_loops_cross, dreamdust_ecumenical_altar_sealed_demon,
          uniq_jessica
D:3:      layout_basic, doesnt_xom_only_xom, kennysheep_okawaru_gauntlet,
          chequers_serial_rivers_room_a, minmay_misc_feat_diagonals,
          grunt_ministairs_9, uniq_natasha
D:4:      layout_cave_pools, minmay_temple_entry_slanted
D:5:      layout_cave_pools, serial_column_ruins, column_ruins_hut_water,
          column_ruins_open_tiny, column_ruins_columns_T,
          column_ruins_columns_dead_end, column_ruins_open_tiny,
          column_ruins_columns_straight
D:6:      layout_cave_pods, fiery_altar_vehumet
D:7:      layout_loops_ring, mainiacjoe_overflow_chevrons,
          nemelex_diamond_rough_becter, uniq_menkaure, uniq_maggie

Skill      XL: |  1  2  3  4  5  6  7  8 |
---------------+-------------------------+-----
Axes           | 4 5 6 7 8 9 11 13 | 13.6
Fighting       | |  3.6
Armour         | |  2.4
Dodging        | |  2.1

Action                   |  1- 3 |  4- 6 |  7- 9 || total
-------------------------+-------+-------+-------++-------
Melee: Hand axe          |    78 |    88 |   142 ||   308
       Headbutt          |    11 |    14 |    25 ||    50
       Unarmed           |     1 |     6 |       ||     7
       Punch             |       |     1 |     1 ||     2
Invok: Berserk           |     1 |     2 |     5 ||     8
       Trog's Hand       |       |       |     1 ||     1
  Use: Scroll            |       |    10 |     6 ||    16
       Potion            |       |       |     2 ||     2
Armor: Ring mail         |    33 |    38 |    45 ||   116
       Skin              |     1 |     1 |       ||     2
Dodge: Dodged            |    51 |    84 |    91 ||   226
